 Dungeon Crawl Stone Soup version 0.16-a0-4113-g7d8e295 (console) character file.

14219 Monkaria the Grappler (level 11, -5/102 HPs)
             Began as a Troll Monk on Feb 28, 2015.
             Was the Champion of Cheibriados.
             Slain by a ten-headed hydra (15 damage)
             ... on level 12 of the Dungeon.
             The game lasted 00:35:14 (10109 turns).

Monkaria the Grappler (Troll Monk)                 Turns: 10109, Time: 00:35:14

Health: -5/102     AC:  6    Str: 36    XL:     11   Next: 85%
Magic:  0/3        EV: 24    Int: 21    God:    Cheibriados [******]
Gold:   747        SH:  0    Dex: 30    Spells: 0 memorised, 10 levels left

rFire  + . .     SeeInvis .       - Unarmed
rCold  . . .     Clarity  .     a - +0 robe
rNeg   + . .     SustAb   .     (shield restricted)
rPois  +         Gourm    +     (helmet restricted)
rElec  .         Spirit   .     w - +0 cloak
rCorr  .         Warding  .     (gloves unavailable)
rMut   .         Stasis   .     (boots unavailable)
MR     +....                    (no amulet)
Stlth  +++.......               m - ring of protection from magic
                                r - ring of positive energy

@: about to teleport, very slow, somewhat resistant to hostile enchantments,
fairly stealthy
A: unfitting armour, claws 3, fire resistance 1, fast metabolism 3, gourmand,
low mp 1, poison resistance, regeneration 3, shaggy fur 1, tough skin 2, wild
magic 1
a: Bend Time, Temporal Distortion, Slouch, Step From Time, Renounce Religion


You were on level 12 of the Dungeon.
You worshipped Cheibriados.
Cheibriados was exalted by your worship.
You were very full.

You visited 3 branches of the dungeon, and saw 14 of its levels.
You also visited: Labyrinth.

You collected 747 gold pieces.

Inventory:

Hand weapons
 s - a +4 great sword of holy wrath
 G - a +0 blowgun
Missiles
 i - 52 poisoned needles
Armour
 a - a +0 robe (worn)
 w - a +0 cloak (worn)
Jewellery
 m - a ring of protection from magic (right claw)
 r - a ring of positive energy (left claw)
 C - an uncursed ring of magical power
 N - an uncursed ring of flight
Magical devices
 b - a wand of cold (10)
 y - a wand of digging (17)
 L - a wand of fire (1)
Scrolls
 c - 7 scrolls of teleportation
 e - 5 scrolls of remove curse
 h - a scroll of magic mapping
 X - 2 scrolls of fog
Potions
 d - 2 potions of might
 g - a potion of lignification
 l - a potion of magic
 n - a potion of heal wounds
 o - 3 potions of resistance
 u - a potion of agility
 z - a potion of curing
 T - 3 potions of degeneration {unknown}
 V - 3 potions of invisibility {unknown}
Miscellaneous
 j - a crystal ball of energy
Comestibles
 f - 11 bread rations
 k - a beef jerky
 q - a meat ration


   Skills:
 - Level 5.0 Fighting
 - Level 12.0 Dodging
 - Level 1.1 Stealth
 + Level 12.5 Unarmed Combat


You had 10 spell levels left.
You didn't know any spells.

Dungeon Overview and Level Annotations

Branches:
Dungeon (12/15)            Temple (1/1) D:7            Lair (1/8) D:9
    Orc (0/4) D:12

Altars:
Ashenzari
Cheibriados
Dithmenos
Elyvilon
Fedhas
Gozag
Kikubaaqudgha
Makhleb
Nemelex Xobeh
Okawaru
Qazlal
Ru
Sif Muna
Trog
Vehumet
Xom
Yredelemnul
Zin
The Shining One

Shops:
D:4 (   D:6 =

Annotations:
D:6 exclusion: oklob plant


Innate Abilities, Weirdness & Mutations

You are too large for most types of armour.
You have claws for hands.
Your metabolism is lightning-fast.
You like to eat raw meat.
You regenerate.
You are covered in fur (AC +1).
You have very tough skin (AC +2).
Your flesh is heat resistant.
Your magical capacity is low (-10% MP).
Your system is resistant to poisons.
Your spells are a little harder to cast, but a little more powerful.


Message History

The ten-headed hydra barely misses you.
The ten-headed hydra completely misses you.
The ten-headed hydra barely misses you. The ten-headed hydra bites you.
The ten-headed hydra closely misses you.
The ten-headed hydra bites you!
* * * LOW HITPOINT WARNING * * *
The ten-headed hydra misses you. x2
The ten-headed hydra closely misses you.
Drink which item? (? for menu, Esc to quit)
You feel much better. The ten-headed hydra bites you!
The ten-headed hydra misses you. The ten-headed hydra barely misses you.
The ten-headed hydra closely misses you.
The ten-headed hydra completely misses you.
The ten-headed hydra bites you!
* * * LOW HITPOINT WARNING * * *
The ten-headed hydra misses you. x2
The ten-headed hydra bites you!
* * * LOW HITPOINT WARNING * * *
The ten-headed hydra bites you!
You die...

##.........# #..........#
##..........#
#...........#
#...........###
##[.(...b.b...## ####
###............# #.>#
##.#..)...<.....####.##
#........@...#....##.#
##..#.....D...........#
#...#.b..b..b....).####
##........b.........#.##
##
##........b.......#...###.
##................#รท###..
##.......b..###.##.##.#.
#...........####.......
#..........#.#.##.....#


You could see a ten-headed hydra (bleeding).

Vanquished Creatures
  A minotaur (Lab)
  Pikel (D:7)
  4 hill giants
  An ugly thing (D:11)
  3 centaur zombies
  3 gargoyles (Lab)
  A centaur skeleton (D:10)
  The ghost of Mandevil the Conjurer, an experienced OpCj (D:5)
  A two-headed ogre (D:10)
  Prince Ribbit (D:8)
  A troll (D:9)
  2 shadows
  A spriggan (D:8)
  A trapdoor spider (Lab)
  A wraith (D:10)
  A deep elf mage (D:8)
  Eustachio (D:4)
  2 basilisks (Lab)
  2 hungry ghosts
  4 yaks
  2 steam dragons
  2 hippogriffs
  A mottled dragon (D:12)
  A water moccasin (D:11)
  2 ice beasts
  2 slaves (D:7)
  A wasp (D:9)
  4 orc warriors
  7 ogres
  3 sky beasts
  5 centaurs
  A phantom (D:11)
  A crocodile (D:12)
  Duvessa (D:8)
  7 giant frogs
  Blork the orc (D:6)
  A gnoll sergeant (D:9)
  5 killer bees
  A scorpion (D:4)
  7 wights (D:10)
  Dowan (D:8)
  3 crimson imps
  6 hounds
  A giant frog zombie (D:6)
  4 orc priests
  7 worker ants
  15 orc wizards
  9 iguanas
  Ijyb (D:7)
  The ghost of Charly the Insei, a weakling DrTm (D:3)
  A hound skeleton (D:4)
  A worker ant zombie (D:4)
  Robin (D:3)
  9 adders
  6 gnolls (D:9)
  6 shadow imps
  3 worms
  3 adder skeletons
  6 giant geckos
  29 orcs
  2 ball pythons
  15 bats
  A bat zombie (D:5)
  6 giant cockroaches
  10 hobgoblins
  9 kobolds
  7 giant newts
  2 giant spores
  25 goblins
  A jackal skeleton (D:4)
  A jackal zombie (D:5)
  2 orc zombies (D:5)
  7 quokkas
  A quokka skeleton (D:8)
  17 rats
  4 ballistomycetes
311 creatures vanquished.

Vanquished Creatures (others)
  A fungus (D:6)
  14 toadstools (D:6)
15 creatures vanquished.

Grand Total: 326 creatures vanquished

Notes
Turn   | Place    | Note
--------------------------------------------------------------
     0 | D:1      | Monkaria, the Troll Monk, began the quest for the Orb.
     0 | D:1      | Reached XP level 1. HP: 22/22 MP: 1/1
     0 | D:1      | Noticed a formicid zombie
     0 | D:1      | Noticed a formicid zombie
     1 | D:1      | Noticed a vine stalker zombie
     5 | D:1      | Noticed a minotaur skeleton
     8 | D:1      | Noticed a spriggan skeleton
    10 | D:1      | Noticed a human skeleton
    10 | D:1      | Noticed a draconian zombie
    14 | D:1      | Noticed an octopode zombie
    16 | D:1      | Noticed a formicid zombie
    19 | D:1      | Noticed a human skeleton
   145 | D:1      | Reached XP level 2. HP: 29/29 MP: 1/1
   724 | D:2      | Found a sparkling altar of Nemelex Xobeh.
  1067 | D:2      | Reached XP level 3. HP: 37/37 MP: 2/2
  1086 | D:2      | Found a snail-covered altar of Cheibriados.
  1126 | D:2      | Became a worshipper of Cheibriados the Contemplative
  1177 | D:3      | Found an iron altar of Okawaru.
  1203 | D:3      | Noticed Robin
  1222 | D:3      | Killed Robin
  1344 | D:3      | Noticed Charly's ghost (weakling DrTm)
  1361 | D:3      | Killed Charly's ghost
  1361 | D:3      | Reached skill level 5 in Unarmed Combat
  1361 | D:3      | Reached XP level 4. HP: 30/45 MP: 2/2
  1404 | D:3      | Gained mutation: You regenerate. [potion of mutation]
  1404 | D:3      | Gained mutation: Your system is resistant to poisons. [potion of mutation]
  1404 | D:3      | Gained mutation: Your flesh is heat resistant. [potion of mutation]
  1709 | D:3      | Found a shimmering altar of Xom.
  1754 | D:3      | Acquired Cheibriados' first power
  1972 | D:4      | Found a glowing golden altar of the Shining One.
  2011 | D:4      | Noticed Eustachio
  2045 | D:4      | Killed Eustachio
  2045 | D:4      | Reached skill level 6 in Unarmed Combat
  2045 | D:4      | Reached XP level 5. HP: 44/53 MP: 2/2
  2139 | D:4      | Reached XP level 6. HP: 61/61 MP: 3/3
  2168 | D:4      | Found Yngiuhipt's Weapon Boutique.
  2199 | D:4      | Found an opulent altar of Gozag.
  2272 | D:4      | Reached skill level 7 in Unarmed Combat
  2409 | D:4      | Noticed an ogre
  2413 | D:4      | Killed an ogre
  2414 | D:4      | Noticed an ogre
  2420 | D:4      | Killed an ogre
  2420 | D:4      | Reached skill level 8 in Unarmed Combat
  2420 | D:4      | Reached XP level 7. HP: 38/67 MP: 3/3
  2492 | D:4      | Noticed an ogre
  2505 | D:4      | Killed an ogre
  2688 | D:4      | Acquired Cheibriados' second power
  2811 | D:5      | Entered Level 5 of the Dungeon
  3000 | D:5      | Found a burning altar of Makhleb.
  3093 | D:5      | Reached skill level 9 in Unarmed Combat
  3126 | D:5      | Found a shadowy altar of Dithmenos.
  3184 | D:5      | Noticed Mandevil's ghost (experienced OpCj)
  3211 | D:5      | Killed Mandevil's ghost
  3211 | D:5      | Reached skill level 10 in Unarmed Combat
  3211 | D:5      | Reached XP level 8. HP: 20/75 MP: 0/3
  3881 | D:6      | Found Jibaan's Jewellery Shop.
  3967 | D:6      | Acquired Cheibriados' third power
  4024 | D:6      | Found a blossoming altar of Fedhas.
  4037 | D:6      | Noticed an oklob plant
  4103 | D:6      | Reached skill level 11 in Unarmed Combat
  4226 | D:6      | Noticed Blork the orc
  4268 | D:6      | Killed Blork the orc
  4366 | D:6      | Found a deep blue altar of Sif Muna.
  4398 | D:6      | Found a shattered altar of Ashenzari.
  4526 | D:6      | Found a glowing silver altar of Zin.
  4697 | D:6      | Reached skill level 5 in Fighting
  4802 | D:7      | Reached XP level 9. HP: 88/88 MP: 4/4
  4876 | D:7      | Found a stormy altar of Qazlal.
  4917 | D:7      | Found a staircase to the Ecumenical Temple.
  4936 | Temple   | Entered the Ecumenical Temple
  5270 | D:7      | Noticed Ijyb
  5276 | D:7      | Killed Ijyb
  5565 | D:7      | Gained mutation: Your spells are a little harder to cast, but a little more powerful. [mutagenic meat]
  5635 | D:7      | Noticed Pikel
  5739 | D:7      | Killed Pikel
  6030 | D:8      | Found a radiant altar of Vehumet.
  6066 | D:8      | Noticed Duvessa
  6068 | D:8      | Noticed Dowan
  6073 | D:8      | Killed Duvessa
  6080 | D:8      | Killed Dowan
  6242 | D:8      | Noticed Prince Ribbit
  6274 | D:8      | Found a basalt altar of Yredelemnul.
  6292 | D:8      | Reached XP level 10. HP: 96/96 MP: 4/4
  6575 | D:8      | Killed Prince Ribbit
  6868 | D:9      | Found a staircase to the Lair.
  7076 | D:10     | Entered Level 10 of the Dungeon
  7261 | D:10     | Got a transparent quarterstaff
  7262 | D:10     | Identified the +1 quarterstaff of Dim Light {crush, rF- Int+3 Dex+7 SInv} (You found it on level 10 of the Dungeon)
  7362 | D:10     | Noticed a hill giant
  7370 | D:10     | Killed a hill giant
  7370 | D:10     | Reached skill level 10 in Dodging
  8088 | D:10     | Noticed a hill giant
  8091 | D:10     | Killed a hill giant
  8091 | D:10     | Reached XP level 11. HP: 102/102 MP: 4/4
  8261 | D:11     | Found a labyrinth entrance.
  8277 | Lab      | Entered a labyrinth
  8734 | Lab      | Noticed a minotaur
  8755 | Lab      | Killed a minotaur
  8988 | D:11     | Noticed a hill giant
  9000 | D:11     | Killed a hill giant
  9000 | D:11     | Reached skill level 12 in Dodging
  9039 | D:11     | Gained mutation: Your magical capacity is low (-10% MP). [mutagenic meat]
  9593 | Lair:1   | Entered Level 1 of the Lair of Beasts
  9784 | D:9      | Found a sacrificial altar of Ru.
  9787 | D:9      | Found a glowing golden altar of the Shining One.
  9813 | D:9      | You fall through a shaft for 3 floors!
 10048 | D:12     | Found a staircase to the Orcish Mines.
 10075 | D:12     | Noticed a hill giant
 10087 | D:12     | Killed a hill giant
 10097 | D:12     | Noticed an eight-headed hydra
 10109 | D:12     | Slain by a ten-headed hydra

Action                   |  1- 3 |  4- 6 |  7- 9 | 10-12 || total
-------------------------+-------+-------+-------+-------++-------
Melee: Unarmed           |    93 |    83 |   322 |   313 ||   811
 Fire: Blowgun           |       |       |       |     8 ||     8
Invok: Bend Time         |       |       |     2 |     1 ||     3
       Slouch            |       |       |       |     2 ||     2
  Use: Scroll            |       |     6 |     7 |    16 ||    29
       Potion            |       |     1 |       |     1 ||     2
 Stab: Sleeping          |     3 |     3 |     9 |     5 ||    20
       Distracted        |       |       |       |     1 ||     1
  Eat: Chunk             |    17 |     6 |    26 |    24 ||    73
       Pizza             |       |       |       |     1 ||     1
